 Dungeon Crawl Stone Soup version 0.25.1-2-g60ff931df9 (webtiles) character file.

Game seed: 10833266655463197128

15325 Curus the Fencer (level 12, 0/103 HPs)
             Began as a Minotaur Berserker on Aug 30, 2020.
             Was a High Priest of Trog.
             Slain by a polar bear simulacrum (18 damage)
             ... in an ice cave on Aug 31, 2020.
             The game lasted 01:01:32 (9793 turns).

Curus the Fencer (Minotaur Berserker)               Turns: 9793, Time: 01:01:32

Health: 0/103      AC: 15    Str: 23    XL:     12   Next: 0%
Magic:  16/16      EV:  8    Int:  7    God:    Trog [*****.]
Gold:   389        SH:  0    Dex: 11    Spells: 11/11 levels left

rFire    . . .     SeeInvis +   u - +0 great sword (flame)
rCold    . . .     Gourm    .   (shield currently unavailable)
rNeg     . . .     Faith    .   v - +0 plate armour
rPois    +         Spirit   .   w - +0 hat {MR+}
rElec    .         Reflect  .   (no cloak)
rCorr    .         Harm     .   p - +0 pair of gloves
MR       +....                  (no boots)
Stlth    ..........             i - amulet of regeneration
HPRegen  0.67/turn              l - ring of see invisible
MPRegen  0.15/turn              C - ring of poison resistance

@: berserk cooldown, slowed, very slow
A: retaliatory headbutt, horns 2
a: Berserk, Trog's Hand, Brothers in Arms, Renounce Religion


You were in an ice cave.
You worshipped Trog.
Trog was extremely pleased with you.
You were not hungry.

You visited 2 branches of the dungeon, and saw 11 of its levels.
You also visited: Ossuary and Ice Cave.

You collected 607 gold pieces.
You spent 218 gold pieces at shops.

Inventory:

Hand Weapons
 a - a +1 falchion
 u - a +0 great sword of flaming (weapon)
 A - a +5 double sword
Armour
 b - a +1 animal skin
 g - a +0 ring mail
 h - a +0 scale mail
 k - a +0 chain mail
 p - a +0 pair of gloves (worn)
 v - a +0 plate armour (worn)
 w - a +0 hat of magic resistance (worn)
Jewellery
 i - an amulet of regeneration (around neck)
 l - a ring of see invisible (left hand)
 y - an uncursed ring of positive energy
 z - an uncursed ring of wizardry
 C - a ring of poison resistance (right hand)
Wands
 r - a wand of paralysis (15)
 s - a wand of polymorph (5)
 t - a wand of disintegration (9)
 B - a wand of random effects (39)
 D - a wand of acid (8)
Scrolls
 d - 3 scrolls of teleportation
 f - 13 scrolls of identify
 m - 2 scrolls of random uselessness
 q - 6 scrolls of remove curse
 F - 2 scrolls of noise
 G - 2 scrolls of magic mapping
 H - a scroll of fear
Potions
 e - 4 potions of might
 j - 5 potions of curing
 n - 3 potions of stabbing
 o - a potion of haste
 x - a potion of berserk rage
Comestibles
 c - 10 rations
 E - 5 chunks of flesh


   Skills:
 - Level 8.8 Fighting
 * Level 17.1 Long Blades
 - Level 8.4 Armour
 - Level 2.1 Dodging
 + Level 7.5 Evocations


You had 11 spell levels left.
You didn't know any spells.
Your spell library was empty.

Dungeon Overview and Level Annotations

Branches:
Dungeon (8/15)             Temple (0/1) D:5            Lair (3/6) D:8
 Shoals (0/4) Lair:2      Ossuary (visited)           IceCv (1/1)
  Snake: Lair:2-4    Spider: Lair:2-4

Altars:
Elyvilon
Fedhas
Gozag
Qazlal
Ru
Vehumet
Xom
Zin

Shops:
D:5 (

Annotations:
D:4 1 runed translucent door, BrickInstitution's ghost, novice HOFi
D:8 Prince Ribbit
Lair:1 exclusion: oklob plant


Innate Abilities, Weirdness & Mutations

You reflexively headbutt those who attack you in melee.
You have a pair of horns on your head.


Message History

You slash the wolf simulacrum!
You melt the wolf simulacrum.
The wolf simulacrum vapourises!
Trog accepts your kill.
You hit the death yak simulacrum.
You melt the death yak simulacrum.
You headbutt the death yak simulacrum, but do no damage.
The death yak simulacrum is lightly damaged.
The death yak simulacrum gores you. The death yak simulacrum freezes you!!!
* * * LOW HITPOINT WARNING * * *
Your two-headed ogre goes berserk!
You feel somewhat more hungry.
The death yak simulacrum gores you but does no damage.
You swap places.
Your two-headed ogre hits the death yak simulacrum with a +0 giant club!!
Your two-headed ogre hits the death yak simulacrum but does no damage.
The death yak simulacrum gores your two-headed ogre!!
The death yak simulacrum freezes your two-headed ogre!!
The polar bear simulacrum bites you!
* * * LOW HITPOINT WARNING * * *
The polar bear simulacrum freezes you!!
You die...

#.. ##...
##...
#...#
...##
#...#
##Z..##
##OZ...##
#@Z.∩...#
#.......#
##..∩..##
##...##
#####


You could see a death yak simulacrum, 2 polar bear simulacra and a friendly
two-headed ogre (summoned, berserk).

Vanquished Creatures
  Gastronok (Lair:1)
  Pikel (D:4)
  Joseph (Lair:1)
  A spiny frog (Lair:1)
  2 komodo dragons (Lair:2)
  A rime drake (Lair:3)
  A polar bear (Lair:2)
  10 blink frogs
  A hippogriff (Lair:2)
  Sigmund (D:2)
  2 spriggans (Lair:2)
  A vampire (D:7)
  6 yaks
  A wyvern (Lair:1)
  A hungry ghost (D:7)
  Menkaure (D:4)
  4 wargs (D:8)
  8 water moccasins
  5 porcupines
  A hornet zombie (D:8)
  2 orc warriors (D:7)
  5 black bears
  2 ogres
  8 ice beasts (Lair:3)
  A phantom (D:4)
  3 slaves (D:4)
  A sky beast (D:6)
  A necrophage (D:7)
  7 wolves
  5 centaurs
  5 crocodiles
  2 big kobolds (D:7)
  5 bullfrogs
  Blork the orc (D:5)
  8 scorpions
  2 crimson imps (D:5)
  4 centaur zombies
  A jelly (D:6)
  5 orc priests
  A bullfrog skeleton (D:8)
  2 hounds
  6 orc wizards
  A centaur skeleton (D:4)
  Ijyb (D:5)
  Terence (D:2)
  Natasha (twice) (D:2)
  An iguana (D:5)
  4 worker ants
  A wolf simulacrum (IceCv)
  3 big kobold zombies (Ossuary)
  4 mummies
  2 gnolls
  8 adders
  6 scorpion zombies (Ossuary)
  2 shadow imps
  3 oozes
  2 adder skeletons
  4 worms
  3 dart slugs
  7 leopard geckos
  21 orcs
  10 bats
  8 giant cockroaches
  3 gnoll zombies (Ossuary)
  6 hobgoblins
  17 jackals
  13 kobolds
  5 quokkas
  A ball python (D:3)
  4 frilled lizards
  7 goblins
  2 goblin zombies (Ossuary)
  4 hobgoblin zombies
  A jackal zombie (D:7)
  A kobold zombie (D:4)
  A leopard gecko skeleton (D:4)
  An orc zombie (Ossuary)
  8 rats
295 creatures vanquished.

Vanquished Creatures (collateral kills)
  A hydra (Lair:1)
1 creature vanquished.

Vanquished Creatures (others)
  4 plants (Lair:1)
4 creatures vanquished.

Grand Total: 300 creatures vanquished

Notes
Turn   | Place    | Note
-------+----------+-------------------------------------------
     0 | D:1      | Curus the Minotaur Berserker began the quest for the Orb.
     0 | D:1      | Reached XP level 1. HP: 19/19 MP: 0/0
    44 | D:1      | Reached skill level 4 in Long Blades
   102 | D:1      | Reached XP level 2. HP: 26/26 MP: 1/1
   576 | D:1      | Reached skill level 5 in Long Blades
   604 | D:1      | Reached XP level 3. HP: 28/31 MP: 2/2
   780 | D:1      | Reached ** piety under Trog
  1224 | D:2      | Noticed Natasha
  1230 | D:2      | Killed Natasha
  1230 | D:2      | Reached skill level 6 in Long Blades
  1230 | D:2      | Reached XP level 4. HP: 31/39 MP: 3/3
  1323 | D:2      | Noticed Terence
  1332 | D:2      | Killed Terence
  1708 | D:2      | Noticed Sigmund
  1718 | D:2      | Killed Sigmund
  1718 | D:2      | Reached skill level 8 in Long Blades
  1718 | D:2      | Reached XP level 5. HP: 34/45 MP: 4/4
  1718 | D:2      | Reached XP level 6. HP: 39/51 MP: 5/5
  1775 | D:2      | Noticed Natasha
  1783 | D:2      | Killed Natasha
  1843 | D:2      | Found a stormy altar of Qazlal.
  1845 | D:2      | Found a white marble altar of Elyvilon.
  1845 | D:2      | Found a blossoming altar of Fedhas.
  1850 | D:2      | Found a shimmering altar of Xom.
  1850 | D:2      | Found a glowing silver altar of Zin.
  1850 | D:2      | Found an opulent altar of Gozag.
  1950 | D:3      | Reached skill level 9 in Long Blades
  1963 | D:3      | Reached *** piety under Trog
  2537 | D:4      | Noticed Menkaure
  2549 | D:4      | Killed Menkaure
  2549 | D:4      | Reached skill level 10 in Long Blades
  2549 | D:4      | Reached XP level 7. HP: 11/57 MP: 6/6
  2726 | D:4      | Found a runed translucent door.
  2729 | D:4      | Noticed BrickInstitution's ghost (novice HOFi)
  2751 | D:4      | Found a white marble altar of Elyvilon.
  2885 | D:4      | Found a sand-covered staircase.
  2890 | D:4      | Reached skill level 11 in Long Blades
  2895 | Ossuary  | Entered an ossuary
  3024 | Ossuary  | Reached **** piety under Trog
  3024 | Ossuary  | Reached XP level 8. HP: 30/64 MP: 7/7
  3271 | Ossuary  | Reached skill level 12 in Long Blades
  3732 | D:4      | Found a radiant altar of Vehumet.
  3786 | D:4      | Noticed Pikel
  3793 | D:4      | Paralysed by Pikel for 6 turns
  3804 | D:4      | Killed Pikel
  3804 | D:4      | Reached skill level 13 in Long Blades
  3906 | D:4      | Reached XP level 9. HP: 70/70 MP: 8/8
  3988 | D:5      | Entered Level 5 of the Dungeon
  3991 | D:5      | Found a staircase to the Ecumenical Temple.
  4061 | D:5      | Found a blossoming altar of Fedhas.
  4084 | D:5      | Found Jylot's Antique Weapon Shoppe.
  4165 | D:5      | Reached skill level 14 in Long Blades
  4207 | D:5      | Noticed Blork the orc
  4209 | D:5      | Found a sacrificial altar of Ru.
  4213 | D:5      | Killed Blork the orc
  4225 | D:5      | Noticed Ijyb
  4242 | D:5      | Killed Ijyb
  4322 | D:5      | Bought a glowing great sword for 218 gold pieces
  4706 | D:6      | Reached skill level 5 in Fighting
  5782 | D:7      | Reached ***** piety under Trog
  5860 | D:7      | Reached skill level 5 in Armour
  5972 | D:7      | Found an opulent altar of Gozag.
  6890 | D:8      | Noticed Prince Ribbit
  6911 | D:8      | Reached XP level 10. HP: 37/88 MP: 9/9
  7030 | D:8      | Found a staircase to the Lair.
  7046 | D:8      | Received a gift from Trog
  7069 | Lair:1   | Entered Level 1 of the Lair of Beasts
  7101 | Lair:1   | Noticed a five-headed hydra
  7107 | Lair:1   | Killed a nine-headed hydra
  7107 | Lair:1   | Reached skill level 1 in Evocations
  7171 | Lair:1   | Noticed Gastronok
  7185 | Lair:1   | Killed Gastronok
  7186 | Lair:1   | Noticed Joseph
  7204 | Lair:1   | Killed Joseph
  7204 | Lair:1   | Reached skill level 15 in Long Blades
  7369 | Lair:1   | Noticed a spiny frog
  7379 | Lair:1   | Killed a spiny frog
  7379 | Lair:1   | Reached XP level 11. HP: 18/95 MP: 13/13
  7466 | Lair:1   | Reached skill level 5 in Evocations
  7812 | Lair:1   | Noticed an oklob plant
  8561 | Lair:2   | Reached skill level 16 in Long Blades
  8777 | Lair:2   | Found a staircase to the Shoals.
  9744 | Lair:3   | Reached skill level 17 in Long Blades
  9774 | Lair:3   | Reached XP level 12. HP: 75/103 MP: 16/16
  9779 | Lair:3   | Found a frozen archway.
  9787 | IceCv    | Entered an ice cave
  9793 | IceCv    | Slain by a polar bear simulacrum

Illustrated notes

Levels and vault maps discovered:
D:1:      dpeg_arrival_round_a, layout_loops_ring
D:2:      layout_loops_ring, doesnt_xom_only_xom, uniq_natasha, uniq_terence,
          uniq_sigmund
D:3:      layout_basic
D:4:      minmay_angry_zag, layout_rooms, lemuel_coloured_pillars_altar,
          ebering_ghost_inner_flame, nicolae_ossuary_entry_giza, st_stairs_8,
          elyvilon_altar_3, uniq_pikel, uniq_menkaure
D:5:      layout_rooms, nicolae_overflow_crystal_walls, fedhas_altar_3,
          minmay_temple_entry_butterflies, serial_shops, shop, first_ration,
          uniq_ijyb, uniq_blork_the_orc
D:6:      layout_basic
D:7:      layout_basic, kennysheep_mini
D:8:      lemuel_castle_with_subvaults [lemuel_castle_interior_carwin_3],
          layout_loops_corners, tso_oasis_becter, due_lair_maze_entry_diamond,
          uniq_erica, uniq_prince_ribbit1
Lair:1:   layout_loops_ring, minmay_lair_oklob_chamber, uniq_gastronok,
          uniq_joseph
Lair:2:   layout_regular_city, minmay_shoals_entry_centaurs, forest_entry_grove,
          infiniplex_staircase_pool_2, serial_bayou_shore_b
Lair:3:   layout_roguey, portal_ice_cave_entry_ice_beasts
IceCv:    ice_cave_small_necro

Skill      XL: |  1  2  3  4  5  6  7  8  9 10 11 |
---------------+----------------------------------+-----
Long Blades    | 4 5 6 8 10 11 13 14 15 17 | 17.1
Fighting       | 7 8 |  8.8
Armour         | 7 8 |  8.4
Evocations     | 4 7 |  7.5
Dodging        | |  2.1

Action                   |  1- 3 |  4- 6 |  7- 9 | 10-12 || total
-------------------------+-------+-------+-------+-------++-------
Melee: Falchion          |    70 |   124 |   331 |       ||   525
       Headbutt          |     8 |    21 |    99 |    52 ||   180
       Great sword       |       |       |   167 |   295 ||   462
       Double sword      |       |       |       |     3 ||     3
Invok: Berserk           |     1 |     1 |     4 |     3 ||     9
       Trog's Hand       |       |       |       |     2 ||     2
       Brothers in Arms  |       |       |       |     2 ||     2
  Use: Potion            |     2 |     3 |     6 |     2 ||    13
       Scroll            |     3 |     3 |     6 |     4 ||    16
 Stab: Invisible         |     1 |       |       |       ||     1
       Sleeping          |     1 |       |       |       ||     1
  Eat: Chunk             |     2 |     4 |    14 |    13 ||    33
       Ration            |       |       |     3 |       ||     3
Armor: Animal skin       |     9 |       |       |       ||     9
       Scale mail        |       |    16 |       |       ||    16
       Ring mail         |       |     3 |       |       ||     3
       Chain mail        |       |    15 |    88 |       ||   103
       Plate armour      |       |       |   114 |   188 ||   302
Dodge: Dodged            |    40 |    38 |   142 |   108 ||   328
       Rpst.: Falchion   |    14 |    10 |    22 |       ||    46
       Great sword       |       |       |    14 |    28 ||    42
